 Dungeon Crawl Stone Soup version 0.21.1-1-g345015f (webtiles) character file.

137 inc the Ducker (level 5, -2/41 HPs)
             Began as a Demonspawn Monk on June 9, 2018.
             Slain by inc's ghost (3 damage)
             ... on level 3 of the Dungeon.
             The game lasted 00:03:20 (2507 turns).

inc the Ducker (Demonspawn Monk)                    Turns: 2507, Time: 00:03:22

Health: -2/41      AC:  6    Str: 12    XL:     5   Next: 0%
Magic:  5/5        EV: 20    Int: 11    God:
Gold:   99         SH:  0    Dex: 21    Spells: 4/4 levels left

rFire    . . .     SeeInvis .   a - +0 mace
rCold    + . .     Gourm    .   (no shield)
rNeg     + . .     Faith    .   g - +2 leather armour {rN+}
rPois    .         Spirit   .   (no helmet)
rElec    .         Reflect  .   i - +0 cloak
rCorr    .         Harm     .   (no gloves)
MR       .....                  (no boots)
Stlth    +++.......             (no amulet)
HPRegen  0.13/turn              (no ring)
MPRegen  0.09/turn              (no ring)

@: agile
A: cold resistance 1, powered by pain 1
a: no special abilities


You were on level 3 of the Dungeon.
You were not hungry.

You visited 1 branch of the dungeon, and saw 3 of its levels.

You collected 99 gold pieces.

Inventory:

Hand Weapons
 a - a +0 mace (weapon)
Armour
 b - a +0 robe
 g - a +2 leather armour of positive energy (worn)
 i - a +0 cloak (worn)
Scrolls
 f - a scroll of remove curse {unknown}
 h - a scroll of enchant weapon {unknown}
 k - 2 scrolls of enchant armour {unknown}
 l - a scroll of teleportation {unknown}
 m - a scroll of immolation {unknown}
 n - a scroll of noise {unknown}
Potions
 d - 2 potions of resistance {unknown}
 e - a potion of curing {unknown}
 j - a potion of agility {unknown}
 o - a potion of berserk rage {unknown}
Comestibles
 c - 5 rations


   Skills:
 + Level 3.3 Fighting
 - Level 2.6 Maces & Flails
 - Level 5.0 Dodging
 - Level 1.7 Stealth


You had 4 spell levels left.
You didn't know any spells.

Dungeon Overview and Level Annotations

Branches:
Dungeon (3/15)

Altars:

Annotations:
D:3 inc's ghost, weakling DsMo


Innate Abilities, Weirdness & Mutations

Your flesh is cold resistant. (rC+)
You sometimes gain a little power by taking damage.


Message History

You miss inc's ghost.
Inc's ghost is heavily damaged.
Inc's ghost misses you. The quokka closely misses you. Inc's ghost hits you.
* * * LOW HITPOINT WARNING * * *
The quokka bites you but does no damage.
You hit inc's ghost but do no damage.
Inc's ghost is heavily damaged.
The quokka completely misses you. Inc's ghost completely misses you.
You hit inc's ghost.
Inc's ghost is heavily damaged.
The quokka completely misses you. Inc's ghost completely misses you.
The quokka completely misses you.
You barely miss inc's ghost.
Inc's ghost is heavily damaged.
Inc's ghost misses you. The quokka closely misses you.
You barely miss inc's ghost.
Inc's ghost is heavily damaged.
Inc's ghost barely misses you. The quokka misses you.
The quokka completely misses you. Inc's ghost hits you.
You die...

......##.#
.##..#.##.########
..................
##..##.#.........
#...............
###.###.#..#######
...........#
######...
....###..).#
#.r...... .# ####)#
#@# # #.# #W### .#
##.###...###..#
..####...####.#....#
............#.†#
.....#..†##.#.##
.......†#.....#
##.#.##.#.###.# #.#.
#...# #..#


You could see inc's ghost and a quokka.

Vanquished Creatures
  Natasha (twice) (D:2)
  3 adders (D:2)
  A worm (D:2)
  2 dart slugs
  A leopard gecko (D:1)
  3 giant cockroaches
  6 goblins
  8 hobgoblins
  2 quokkas
  2 ball pythons (D:1)
  8 bats
  3 frilled lizards
  5 kobolds
  7 rats
53 creatures vanquished.

Notes
Turn   | Place    | Note
-------+----------+-------------------------------------------
     0 | D:1      | inc the Demonspawn Monk began the quest for the Orb.
     0 | D:1      | Reached XP level 1. HP: 18/18 MP: 1/1
    97 | D:1      | Reached skill level 3 in Dodging
   112 | D:1      | Gained mutation: Your flesh is cold resistant. (rC+) [demonic ancestry]
   112 | D:1      | Reached XP level 2. HP: 10/24 MP: 2/2
   938 | D:1      | Reached XP level 3. HP: 25/29 MP: 3/3
  1320 | D:2      | Reached skill level 4 in Dodging
  1375 | D:2      | Noticed Natasha
  1400 | D:2      | Killed Natasha
  1400 | D:2      | Reached XP level 4. HP: 12/35 MP: 4/4
  1418 | D:2      | Noticed Natasha
  1435 | D:2      | Killed Natasha
  1671 | D:2      | Reached skill level 5 in Dodging
  2481 | D:3      | Noticed inc's ghost (weakling DsMo)
  2481 | D:3      | Gained mutation: You sometimes gain a little power by taking damage. [demonic ancestry]
  2481 | D:3      | Reached XP level 5. HP: 41/41 MP: 5/5
  2503 | D:3      | HP: 1/41 [inc's ghost (4)]
  2507 | D:3      | Slain by inc's ghost

Skill      XL: |  1  2  3  4 |
---------------+-------------+-----
Dodging        | 3 4 5 |  5.0
Fighting       | |  3.3
Maces & Flails | |  2.6
Stealth        | |  1.7

Action                   |  1- 3 |  4- 6 || total
-------------------------+-------+-------++-------
Melee: Mace              |   118 |    88 ||   206
 Stab: Sleeping          |     5 |     3 ||     8
       Distracted        |     1 |       ||     1
  Eat: Chunk             |     1 |     2 ||     3
       Ration            |       |     1 ||     1
Armor: Robe              |    18 |       ||    18
       Leather armour    |    11 |    22 ||    33
Dodge: Dodged            |   118 |    71 ||   189
